Map: Ice and Chrome LE

Players

YTYT - Winner!

  • Race: Terran Terran
  • League: Grandmaster
  • Spawn Location: 7:00

IIIIIIIIIIII

  • Race: Zerg Zerg
  • League: Grandmaster
  • Spawn Location: 1:00

VOD

Have the link to the VOD?

Description

Time

  • Played on: July 5, 2020, 7:28 a.m.
  • Length: 7:47
Show
View Real Time Build Order
Export as new Build Order

YTYT Terran - Winner!

Build Orders: Reaper Expand 

Get SALT Encoding   

  12  0:01  SCV  
  13  0:13  SCV  
  14  0:17  Supply Depot  
  14  0:25  SCV  
  15  0:39  Barracks, SCV  
  16  0:43  Refinery  
  16  0:51  SCV  
  17  1:03  SCV  
  18  1:15  SCV  
  19  1:27  Reaper  
  19  1:28  Orbital Command  
  20  1:39  Command Center  
  20  1:50  Barracks  
  20  1:54  SCV  
  21  1:59  Barracks Reactor  
  21  2:06  SCV  
  22  2:09  Supply Depot  
  22  2:18  SCV  
  22  2:19  Refinery  
  23  2:30  SCV  
  23  2:31  Factory  
  23  2:36  Marine x2  
  26  2:37  Barracks Tech Lab  
  26  2:42  SCV  
  27  2:52  Orbital Command  
  27  2:54  Marine x2  
  27  2:55  SCV  
  30  2:59  Marine  
  30  3:03  Stimpack  
  31  3:07  SCV  
  31  3:12  Marine x2  
  33  3:17  Marine, SCV  
  33  3:19  SCV  
  37  3:26  Starport  
  37  3:30  Marine x2  
  37  3:31  SCV  
  37  3:32  SCV  
  41  3:35  Marine  
  41  3:39  Supply Depot  
  41  3:40  Factory Reactor  
  42  3:44  SCV  
  42  3:45  SCV  
  42  3:48  Marine x2  
  46  3:56  Supply Depot  
  46  4:00  Marine  
  46  4:01  SCV x2  
  49  4:06  Marine x2  
  51  4:13  SCV x2  
  53  4:18  Marine  
  53  4:21  Supply Depot  
  53  4:22  Factory Tech Lab, Medivac x2  
  53  4:23  Marine  
  59  4:24  Marine  
  59  4:25  SCV x2  
  61  4:31  Refinery  
  61  4:36  Marine, Engineering Bay  
  61  4:37  Supply Depot  
  62  4:42  Marine  
  62  4:43  SCV x2  
  62  4:44  Siege Tank  
  68  4:48  Supply Depot  
  68  4:49  Marine  
  69  4:54  Marine  
  69  4:58  Barracks  
  69  4:59  Combat Shield  
  70  5:00  SCV  
  70  5:05  Supply Depot, Terran Infantry Weapons Level 1  
  71  5:07  Marine  
  71  5:08  SCV  
  71  5:09  Marine  
  71  5:12  Marine  
  75  5:21  Siege Tank  
  75  5:22  Supply Depot  
  75  5:24  Marine, SCV  
  75  5:27  Marine  
  81  5:29  SCV  
  81  5:30  Marine  
  81  5:32  Medivac  
  85  5:37  SCV  
  85  5:41  Supply Depot, SCV  
  85  5:42  Marine  
  87  5:45  Marine  
  87  5:48  Marine  
  87  5:49  Marine, SCV  
  91  5:53  Siege Tank  
  94  5:57  Marine  
  94  6:03  Starport Reactor  
  95  6:07  Marine  
  95  6:08  Command Center  
  95  6:10  Marine  
  97  6:12  Marine  
  97  6:13  SCV  
  99  6:21  Marine  
  99  6:22  Supply Depot  
  99  6:24  Marine  
  101  6:25  Siege Tank  
  101  6:32  Marine, SCV  
  106  6:36  Marine  
  106  6:37  Marine, SCV  
  106  6:39  Marine  
  110  6:47  Marine  
  110  6:50  Marine  
  110  6:51  Medivac x2  
  110  6:53  Barracks x2  
  116  6:57  Siege Tank  
  116  7:00  Supply Depot  
  118  7:16  Supply Depot  
  118  7:20  Marine x5, Refinery  
  123  7:30  SCV  
  123  7:31  SCV  
Show
View Real Time Build Order
Export as new Build Order

IIIIIIIIIIII Zerg 

Build Orders: Hatch First 

Get SALT Encoding   

  12  0:02  Drone  
  13  0:12  Overlord  
  13  0:18  Drone  
  14  0:31  Drone x2  
  16  0:49  Hatchery  
  15  0:51  Drone  
  15  0:55  Drone  
  17  0:59  Drone  
  18  1:09  Extractor  
  17  1:13  Spawning Pool  
  17  1:16  Drone  
  17  1:19  Drone  
  18  1:28  Drone  
  19  1:40  Drone  
  20  1:50  Drone  
  21  2:01  Queen x2  
  23  2:02  Zergling x4  
  27  2:13  Hatchery  
  26  2:19  Overlord  
  26  2:23  Drone  
  26  2:24  Drone  
  28  2:30  Metabolic Boost  
  28  2:38  Drone x2  
  28  2:43  Queen  
  32  2:52  Overlord  
  32  2:53  Drone x2  
  34  3:00  Drone x2  
  36  3:14  Drone x2  
  36  3:15  Drone, Overlord  
  36  3:17  Drone x2  
  41  3:20  Queen  
  41  3:23  Drone  
  41  3:26  Queen  
  46  3:34  Drone x2  
  46  3:37  Overlord  
  46  3:41  Drone  
  49  3:42  Drone  
  49  3:45  Zergling x6  
  53  3:52  Zergling x2  
  53  3:54  Overlord  
  54  3:56  Queen  
  54  3:58  Drone x2  
  54  3:59  Drone  
  59  4:07  Drone x3  
  61  4:12  Drone  
  61  4:13  Baneling Nest  
  61  4:15  Evolution Chamber, Drone  
  61  4:19  Overlord  
  61  4:21  Drone x4  
  65  4:30  Overlord  
  65  4:31  Zergling x10  
  66  4:35  Overlord, Extractor  
  69  4:43  Zergling x8  
  69  4:45  Zerg Ground Armor Level 1  
  73  4:49  Queen  
  73  4:50  Overlord  
  75  4:56  Zergling x10  
  80  5:01  Baneling x4  
  80  5:04  Baneling  
  80  5:14  Drone x7  
  81  5:18  Extractor  
  81  5:20  Overlord  
  86  5:23  Evolution Chamber  
  86  5:24  Drone x7  
  92  5:32  Drone x2  
  92  5:35  Extractor  
  93  5:36  Overlord  
  93  5:37  Zergling x2  
  93  5:38  Zergling x4  
  96  5:45  Zergling x4  
  96  5:52  Lair, Zerg Melee Weapons Level 1  
  96  5:53  Zergling x2  
  96  5:54  Zergling x10  
  102  5:59  Baneling x3  
  102  6:00  Zergling x8  
  106  6:06  Zergling x4, Hatchery  
  106  6:10  Baneling x7  
  107  6:13  Zergling x4  
  107  6:14  Zergling x2  
  110  6:21  Overlord  
  110  6:23  Zergling x12  
  116  6:26  Overlord x2  
  116  6:30  Baneling x8  
  110  6:51  Zergling x20  
  110  6:52  Zergling x6  
  112  7:04  Zergling x2, Hatchery  
  112  7:05  Zergling x10  
  114  7:13  Zergling x6  
Tags
 
Add a new tag
Caveats
  • Supply blocks, unpowered buildings, or Contaminate may cause inaccurate times.
  • Supply counts are checked every 10 seconds.